 Dungeon Crawl Stone Soup version 0.25.1-8-g42b30a86e7 (webtiles) character file.

Game seed: 16666673254856643215

53 growler the Gusty (level 3, -2/19 HPs)
             Began as a Tengu Air Elementalist on Dec 16, 2020.
             Slain by an ogre
             ... wielding a +0 giant club
              (21 damage)
             ... on level 4 of the Dungeon.
             The game lasted 00:03:59 (2305 turns).

growler the Gusty (Tengu Air Elementalist)          Turns: 2305, Time: 00:04:00

Health: -2/19      AC:  3    Str:  8    XL:     3   Next: 89%
Magic:  6/7        EV: 12    Int: 16    God:
Gold:   65         SH:  0    Dex: 14    Spells: 0/6 levels left

rFire    . . .     SeeInvis .   (no weapon)
rCold    . . .     Gourm    .   (no shield)
rNeg     . . .     Faith    .   a - +0 robe
rPois    .         Spirit   .   (helmet restricted)
rElec    .         Reflect  .   i - +0 cloak
rCorr    .         Harm     .   (no gloves)
MR       .....                  (boots unavailable)
Stlth    ++........             (no amulet)
HPRegen  0.06/turn              (no ring)
MPRegen  0.10/turn              (no ring)

@: no status effects
A: beak, talons 3
a: no special abilities


You were on level 4 of the Dungeon.
You were hungry.

You visited 1 branch of the dungeon, and saw 3 of its levels.

You collected 65 gold pieces.

Inventory:

Missiles
 b - a throwing net (quivered) {!f}
Armour
 a - a +0 robe (worn)
 i - a +0 cloak (worn)
   (You found it on level 1 of the Dungeon)
Scrolls
 g - a scroll of enchant weapon
 h - a scroll of fog {unknown}
 j - 2 scrolls of remove curse {unknown}
 k - a scroll of fear {unknown}
 l - a scroll of magic mapping {unknown}
Potions
 c - a potion of curing {unknown}
 d - 2 potions of heal wounds {unknown}
 f - 2 potions of might {unknown}
Comestibles
 e - 4 rations {!d}


   Skills:
 - Level 2.1 Dodging
 - Level 2.0 Stealth
 - Level 2.0 Spellcasting
 + Level 3.5 Conjurations
 + Level 5.2 Air Magic


You couldn't memorise any spells.
You knew the following spells:

 Your Spells              Type           Power        Failure   Level  Hunger
a - Shock                 Conj/Air       ###.         3%          1    #......
d - Static Discharge      Conj/Air       ###.....     11%         3    ###....
s - Swiftness             Chrm/Air       #.......     11%         2    ###....

Your spell library contained the following spells:

 Spells                   Type           Power        Failure   Level  Hunger
 Animate Skeleton         Necr           N/A          21%         1    #......
 Apportation              Tloc           #.....       21%         1    #......
 Corona                   Hex            #......      21%         1    #......
 Summon Small Mammal      Summ           #...         21%         1    #......
 Airstrike                Air            ###.......   24%         4    #####..
 Lightning Bolt           Conj/Air       ###.......   67%         5    ######.


Dungeon Overview and Level Annotations

Branches:
Dungeon (2/15)

Altars:
Dithmenos
Hepliaklqana
Nemelex Xobeh
Ru
Vehumet
Zin
The Shining One


Innate Abilities, Weirdness & Mutations

You have a beak for a mouth.
You have claws for feet.


Message History

Found a scroll labeled GITTOPN QUTO.
k - a scroll labeled BOELARU AKHLUKA A worm comes into view.
A worm is nearby!
A worm is nearby!
Aim: a worm The zap hits the worm.
Aim: a worm (lightly wounded)
The zap hits the worm.
Aim: a worm (lightly wounded)
The zap hits the worm.
Aim: a worm (moderately wounded)
The zap hits the worm.
Aim: a worm (severely wounded)
The zap hits the worm.
Aim: a worm (severely wounded)
The zap hits the worm.
Aim: a worm (severely wounded)
The zap hits the worm.
You don't have enough magic to cast that spell.
You hit the worm. You claw the worm.
You kill the worm!
l - a scroll labeled GITTOPN QUTO
Found 17 arrows.
You see here 17 arrows.
Found a scroll labeled OHOATA INOPRE.
j - 2 scrolls labeled OHOATA INOPRE (gained 1)
Found 5 boomerangs.
You see here 5 boomerangs.
Found a stone staircase leading up.
You are feeling hungry.
Found 5 gold pieces.
Found 10 gold pieces.
You fall into a shaft and drop 2 floors!
The shaft crumbles and collapses.
An ogre comes into view. It is wielding a +0 giant club.
The ogre shouts!
You hear an angry hiss.
An ogre comes into view. It is wielding a +0 giant club.
Unknown command.
A gnoll comes into view. It is wielding a +0 halberd.
The ogre shouts!
The zap hits the ogre. x2; The ogre barely misses you.
A gnoll comes into view. It is wielding a +0 club.
As you read the scroll labeled XANYBO QIENO, it crumbles to dust.
It is a scroll of enchant weapon.
You aren't carrying any weapons that can be enchanted.
The gnoll shouts!
The ogre hits you with a +0 giant club!!
Ouch! That really hurt!
You die...

##### ...
# #.#
.##..###O#
..gg...O@#
.##..#####
#


You could see 2 ogres and 2 gnolls.

Vanquished Creatures
  An adder (D:2)
  An ooze (D:1)
  2 worms
  A dart slug (D:1)
  A leopard gecko (D:1)
  5 bats (D:1)
  A giant cockroach (D:1)
  4 goblins
  6 hobgoblins (D:1)
  2 ball pythons
  2 frilled lizards
  3 kobolds (D:1)
  A rat (D:1)
30 creatures vanquished.

Notes
Turn   | Place    | Note
-------+----------+-------------------------------------------
     0 | D:1      | growler the Tengu Air Elementalist began the quest for the
                  | Orb.
     0 | D:1      | Reached XP level 1. HP: 10/10 MP: 4/4
   402 | D:1      | Reached XP level 2. HP: 15/15 MP: 3/6
   847 | D:1      | Reached XP level 3. HP: 16/19 MP: 0/7
  1004 | D:1      | Learned a level 2 spell: Swiftness
  1008 | D:1      | Learned a level 3 spell: Static Discharge
  1489 | D:1      | Reached skill level 5 in Air Magic
  1987 | D:2      | Found a hazy altar of Hepliaklqana.
  1988 | D:2      | Found a sparkling altar of Nemelex Xobeh.
  1990 | D:2      | Found a radiant altar of Vehumet.
  1990 | D:2      | Found a sacrificial altar of Ru.
  1990 | D:2      | Found a glowing silver altar of Zin.
  1990 | D:2      | Found a glowing golden altar of the Shining One.
  1991 | D:2      | Found a shadowy altar of Dithmenos.
  2301 | D:2      | You fall into a shaft and drop 2 floors!
  2301 | D:4      | Noticed an ogre
  2302 | D:4      | Noticed an ogre
  2305 | D:4      | Slain by an ogre

Illustrated notes

Levels and vault maps discovered:
D:1:      nzn_arrival_water_spiral, layout_basic, lemuel_another_geyser
D:2:      layout_basic, grunt_temple_overflow_open
D:4:      layout_loops_corners, serial_shops, shop, first_ration

Skill      XL: |  1  2  3 |
---------------+----------+-----
Conjurations   | 2 3 |  3.5
Air Magic      | 5 |  5.2
Dodging        | |  2.1
Stealth        | |  2.0
Spellcasting   | |  2.0

Action                   || total
-------------------------++-------
Melee: Unarmed           ||     4
       Kick              ||     1
 Cast: Shock             ||    79
  Use: Scroll            ||     1
  Eat: Chunk             ||     5
Armor: Robe              ||     5
Dodge: Dodged            ||    15
